 Dungeon Crawl Stone Soup version 0.18.1-8-gdd0e5ea (webtiles) character file.

154531 CrawlFred the Warrior (level 17, -1/84 HPs)
             Began as a Gargoyle Berserker on May 23, 2016.
             Was an Elder of Trog.
             Slain by a profane servitor
             ... wielding a +2 demon whip
              (10 damage)
             ... on level 2 of the Abyss on May 27, 2016.
             The game lasted 03:09:52 (34460 turns).

CrawlFred the Warrior (Gargoyle Berserker)         Turns: 34460, Time: 03:09:53

Health: -1/84      AC: 39    Str: 17    XL:     17   Next: 63%
Magic:  12/17      EV: 12    Int: 10    God:    Trog [****..]
Gold:   1485       SH:  0    Dex: 14    Spells: 0 memorised, 16 levels left

rFire  + + .     SeeInvis +     T - +8 dire flail (drain)
rCold  . . .     Gourm    +     V - +6 scale mail {rF+}
rNeg   + . .     Faith    .     (shield currently unavailable)
rPois  ∞         Spirit   .     B - +2 helmet of Greater Demons {rF+}
rElec  +         Dismiss  .     t - +0 cloak
rCorr  .         Reflect  .     b - +0 pair of gloves
SustAt .         Harm     .     R - +0 pair of boots
MR     +++..     Rnd*Rage +     O - amulet of the gourmand
Stlth  ..........               Q - ring of see invisible
                                k - +2 ring of protection

@: about to teleport, flying, regenerating, hasted, wreathed by umbra, very
quick, extremely resistant to hostile enchantments, extremely unstealthy
A: big wings, berserk 2, frail 3, negative energy resistance 1, screaming 2,
electricity resistance, weak 2, unbreathing, petrification resistance, rot
immunity, subdued magic 1, AC +12
a: Stop Flying, Berserk, Trog's Hand, Brothers in Arms, Burn Spellbooks,
Renounce Religion


You were on level 2 of the Abyss.
You worshipped Trog.
Trog was greatly pleased with you.
You were not hungry.

You visited 4 branches of the dungeon, and saw 28 of its levels.
You visited the Abyss 1 time.
You also visited: Sewer.

You collected 2900 gold pieces.
You spent 1415 gold pieces at shops.

Inventory:

Hand Weapons
 E - a +6 antimagic flail
 T - a +8 dire flail of draining (weapon)
Missiles
 g - 19 silver javelins (quivered)
 n - 4 silver tomahawks
 w - a javelin of returning
 P - 4 steel javelins
Armour
 b - a +0 pair of gloves (worn)
 t - a +0 cloak (worn)
 B - the +2 helmet of Greater Demons (worn) {rF+}
   (You bought it in a shop on level 12 of the Dungeon)

   It protects you from fire.
 H - the +3 leather armour of Burorphu {rElec rPois Dex+2}
   (You found it on level 8 of the Lair of Beasts)

   It affects your dexterity (+2).
   It insulates you from electricity.
   It protects you from poison.
 R - a +0 pair of boots (worn)
 S - the +6 plate armour "Taoxzido" {rPois}
   (You found it on level 15 of the Dungeon)

   It protects you from poison.
 V - a +6 scale mail of fire resistance (worn)
 X - the +0 chain mail of Gateq {rF+}
   (You found it on level 7 of the Lair of Beasts)

   It protects you from fire.
Rods
 h - a -3 rod of clouds (14/14)
   (You found it on level 15 of the Dungeon)
Jewellery
 d - an uncursed amulet of magic regeneration
 k - a +2 ring of protection (left hand)
 s - an uncursed ring of resist corrosion
 z - an uncursed ring of fire
 O - an amulet of the gourmand (around neck)
 Q - a ring of see invisible (right hand)
Wands
 m - a wand of digging (10/24)
 C - a wand of teleportation (5/9)
 F - a wand of teleportation (3/9)
 J - a wand of flame (32/48)
Scrolls
 a - 2 scrolls of recharging
 i - 2 scrolls of fear
 l - a scroll of teleportation
 r - 11 scrolls of remove curse
 y - 7 scrolls of immolation
 D - a scroll of magic mapping
 K - a scroll of holy word
Potions
 e - a potion of ambrosia {unknown}
 j - 3 potions of haste
 q - a potion of beneficial mutation {unknown}
 u - 9 potions of lignification
 G - 2 potions of agility
 I - 3 potions of cancellation {unknown}
 L - a potion of berserk rage {unknown}
 M - 3 potions of cure mutation
 N - 3 potions of invisibility
 U - 5 potions of might
 Y - 2 potions of magic {unknown}
 Z - 3 potions of brilliance
Miscellaneous
 p - a box of beasts {used: 1}
Comestibles
 c - 13 bread rations
 f - 4 meat rations
 v - 25 fruits
 x - 4 royal jellies
 W - 11 beef jerkies


   Skills:
 * Level 18.9 Fighting
 * Level 17.3 Maces & Flails
 + Level 11.1 Throwing
 + Level 13.9 Armour
 * Level 4.9 Dodging


You had 16 spell levels left.
You didn't know any spells.

Dungeon Overview and Level Annotations

Branches:
Dungeon (15/15)            Temple (0/1) D:4            Lair (8/8) D:11
  Swamp (0/4) Lair:4        Snake (3/4) Lair:4        Slime (0/6) Lair:6
    Orc (2/2) D:12            Elf (0/3) Orc:2        Vaults (0/5) D:13
 Depths (0/5) D:15

Altars:
Ashenzari
Dithmenos
Elyvilon
Makhleb
Nemelex Xobeh
Okawaru
Pakellas
Qazlal
Sif Muna
Zin
The Shining One
Beogh
Jiyva
Lugonu

Shops:
D:4 ?   D:6 !   D:12 ([   Orc:2 =(!?   Snake:2 *

Annotations:
D:15 exclusion: Roxanne, Roxanne
Lair:2 exclusion: ice statue


Innate Abilities, Weirdness & Mutations

You are resistant to torment.
Your stone body is resilient (AC +12).
You are immune to poison.
Your large and strong wings let you fly indefinitely.
You resist negative energy.
You are resistant to electric shocks.
You can survive without breathing.
You are immune to petrification.
You are immune to rotting.
Your spells are a little easier to cast, but a little less powerful.
[You often lose your temper in combat.]
[You are extremely frail (-30% HP).]
[You sometimes yell uncontrollably at your foes.]
[You are very weak. (Str -4)]


Message History

You feel the power of the Abyss delaying your translocation!
The profane servitor hits you but does no damage.
The profane servitor barely misses you.
The profane servitor hits you but does no damage. x2
The large abomination hits you but does no damage.
Drink which item? (? for menu, Esc to quit)
Okay, then.
Your skin crawls.
You feel resistant to hostile enchantments.
You feel slightly more hungry.
The wretched star pulses with an eldritch light!
You feel the urge to shout.
You feel a strong urge to yell.
You feel frail. x2
The white imp twists and deforms.
The shadow imp twists and deforms.
The neqoxec twists and deforms.
The profane servitor hits you but does no damage. x2
The large abomination hits you but does no damage.
Drink which item? (? for menu, Esc to quit)
You feel yourself speed up.
The profane servitor hits you with an enchanted demon whip!
You die...

# #)# . .
#.. . #..
. ## .. .
. ##
##.#.. .
#.#. # #
#.. # # #
##3.###
##. .
.#X#x.##
#@A3..# #
##*5.....
#. #
##5##...#
..#.#.#...
.#...#.# #
. #}.##.#
#A#.. ##
#. #. # .
# ..#


You could see a profane servitor, a wretched star, a large abomination, a smoke
demon, a neqoxec, a small abomination, a white imp and a shadow imp.

Vanquished Creatures
  Gastronok (Lair:3)
  Kirke (D:12)
  Wiglaf (Snake:2)
  Maud (D:11)
  A stone giant (Orc:1)
  6 hydras
  12 naga warriors
  Fannar (D:12)
  2 centaur warriors
  3 catoblepae
  Erica (Lair:2)
  13 anacondas
  Erolcha (D:8)
  3 ogre magi (Orc:2)
  4 death yaks (Lair:3)
  7 naga sharpshooters
  2 shock serpents
  Urug (Lair:2)
  2 salamander mystics
  A skeletal warrior (D:15)
  A flayed ghost (D:15)
  An unseen horror (D:11)
  6 naga ritualists
  2 wizards
  6 hill giants
  A lindwurm (Lair:6)
  3 orc knights
  10 mana vipers
  A necromancer (D:15)
  A deep elf mage (D:15)
  2 orc sorcerers
  9 salamanders
  A griffon (Lair:2)
  5 ugly things (D:14)
  An apocalypse crab (Abyss:2)
  6 cyclopes
  32 black mambas
  12 elephants
  A manticore (D:14)
  A guardian serpent (Snake:2)
  6 naga magi
  19 spiny frogs
  A torpor snail (Lair:8)
  14 komodo dragons
  An efreet (D:14)
  3 rime drakes
  A freezing wraith (D:14)
  A spriggan skeleton (D:15)
  3 hellwings (Abyss:2)
  2 ancient zymes (Abyss:2)
  A guardian mummy (D:15)
  5 trolls
  A troll (shapeshifter) (D:13)
  8 polar bears
  Prince Ribbit (Lair:2)
  A giant leech (Lair:8)
  9 slime creatures
  22 two-headed ogres
  23 blink frogs
  A deep troll zombie (D:15)
  3 boulder beetles
  A fire dragon skeleton (D:15)
  An air elemental (Abyss:2)
  A wraith (D:14)
  4 flying skulls (Abyss:2)
  A shadow (D:15)
  6 hippogriffs
  An ettin skeleton (D:15)
  A human (D:12)
  Grum (D:11)
  7 basilisks
  A fire bat (Abyss:2)
  3 large abominations (Abyss:2)
  A neqoxec (Abyss:2)
  A wyvern (Lair:8)
  41 yaks
  A golden eye (shapeshifter) (D:14)
  3 hungry ghosts
  5 vampire mosquitoes
  A soldier ant (D:14)
  2 mottled dragons
  4 wargs
  30 nagas
  16 water moccasins
  8 porcupines
  Purgy (Sewer)
  18 orc warriors
  2 black bears
  A sky beast (D:8)
  A wasp (D:11)
  2 small abominations (Abyss:2)
  32 ogres
  2 phantoms
  10 wolves
  An eye of draining (D:11)
  14 ice beasts
  4 centaurs
  20 crocodiles
  A big kobold (D:10)
  27 giant frogs
  A big kobold (shapeshifter) (D:13)
  Blork the orc (D:12)
  2 wyvern zombies
  2 scorpions
  2 wyvern skeletons
  3 killer bees (D:13)
  2 howler monkeys
  3 wights (D:14)
  2 electric eels
  5 crimson imps
  3 lava snakes (Lair:5)
  3 starcursed masses (Abyss:2)
  A quasit (Abyss:2)
  2 centaur zombies
  7 hounds
  3 giant frog skeletons
  3 jellies
  4 centaur skeletons
  2 gnoll shamans
  9 orc priests
  14 orc wizards
  9 worker ants
  10 iguanas
  10 sheep
  The ghost of Krovax the Skirmisher, a weakling HuFi (D:4)
  A hound zombie (D:9)
  A mummy (D:7)
  2 worker ant zombies
  9 gnolls
  14 adders
  21 river rats
  9 shadow imps
  3 white imps
  3 adder skeletons
  4 worms (D:3)
  3 dart slugs
  6 giant geckos
  54 orcs
  11 bats
  5 giant cockroaches
  6 goblins
  18 hobgoblins
  7 jackals
  5 quokkas
  4 ball pythons
  8 giant newts
  12 kobolds
  A quokka skeleton (D:4)
  A quokka zombie (D:5)
  8 rats
  A fungus (Lair:7)
  2 plants (D:11)
  A withered plant (D:15)
893 creatures vanquished.

Vanquished Creatures (collateral kills)
  Vashnia (Snake:3)
  Aizul (Snake:1)
  Nessos (Lair:7)
  A hydra (Lair:7)
  An ice dragon (Lair:2)
  A lindwurm (Lair:8)
  An orc knight (D:12)
  2 ugly things
  A deep elf mage (D:14)
  2 cyclopes
  3 slime creatures (D:14)
  5 elephants (Lair:8)
  A two-headed ogre (Orc:2)
  A polar bear (Lair:2)
  A hog (D:12)
  3 yaks (Lair:8)
  2 ogres
  4 centaurs (D:13)
  A wight (D:14)
  An orc (D:12)
34 creatures vanquished.

Vanquished Creatures (others)
  A komodo dragon (Lair:8)
  3 humans (D:12)
  A naga (Snake:2)
  A giant frog skeleton (D:12)
  2 sheep (D:12)
  An orc (D:12)
  14 fungi
  4 plants
  2 starspawn tentacles (Abyss:2)
  18 starspawn tentacle segments (Abyss:2)
  A withered plant (D:15)
48 creatures vanquished.

Grand Total: 975 creatures vanquished

Notes
Turn   | Place    | Note
--------------------------------------------------------------
     0 | D:1      | CrawlFred the Gargoyle Berserker began the quest for the Orb.
     0 | D:1      | Reached XP level 1. HP: 14/14 MP: 1/1
   198 | D:1      | Reached XP level 2. HP: 19/19 MP: 2/2
   907 | D:1      | Reached XP level 3. HP: 22/24 MP: 3/3
  1317 | D:2      | Reached ** piety under Trog
  1701 | D:2      | Reached skill level 4 in Fighting
  1767 | D:2      | Reached XP level 4. HP: 29/29 MP: 4/4
  3179 | D:4      | Reached XP level 5. HP: 9/34 MP: 5/5
  3494 | D:4      | Noticed Krovax's ghost (weakling HuFi)
  3561 | D:4      | Killed Krovax's ghost
  3574 | D:4      | Found Woenuaw's Magic Scroll Shop.
  3596 | D:4      | Bought a scroll of teleportation for 30 gold pieces
  3596 | D:4      | Bought a scroll of enchant weapon for 75 gold pieces
  3604 | D:4      | Found a staircase to the Ecumenical Temple.
  3616 | D:4      | Reached XP level 6. HP: 39/40 MP: 6/6
  3628 | D:4      | Reached skill level 5 in Fighting
  4151 | D:4      | Found a shadowy altar of Dithmenos.
  4151 | D:4      | Noticed a phantom
  4170 | D:4      | Killed a phantom
  4170 | D:4      | Reached skill level 1 in Throwing
  4170 | D:4      | Reached XP level 7. HP: 39/44 MP: 7/7
  4245 | D:5      | Entered Level 5 of the Dungeon
  4335 | D:5      | Reached *** piety under Trog
  4343 | D:5      | Reached skill level 5 in Maces & Flails
  4758 | D:5      | Found a glowing drain.
  4811 | D:5      | Reached skill level 6 in Fighting
  4836 | Sewer    | Entered a sewer
  4838 | Sewer    | Reached XP level 8. HP: 43/51 MP: 8/8
  4898 | Sewer    | Noticed Purgy
  4920 | Sewer    | Killed Purgy
  5402 | D:6      | Found a glowing silver altar of Zin.
  5480 | D:6      | Found Joedwuil's Distillery.
  5485 | D:6      | Bought a potion of heal wounds for 65 gold pieces
  5551 | D:6      | Found a glowing golden altar of the Shining One.
  5774 | D:6      | Found a sparkling altar of Nemelex Xobeh.
  6403 | D:6      | Found a burning altar of Makhleb.
  6403 | D:6      | Found a shattered altar of Ashenzari.
  6486 | D:7      | Found an iron altar of Okawaru.
  6625 | D:7      | Reached **** piety under Trog
  6935 | D:7      | Found a sand-covered staircase.
  7467 | D:8      | Found an oddly glowing altar of Pakellas.
  7489 | D:8      | Reached skill level 5 in Armour
  7546 | D:8      | Reached skill level 7 in Fighting
  7546 | D:8      | Reached XP level 9. HP: 56/57 MP: 9/9
  7567 | D:8      | Noticed a two-headed ogre
  7572 | D:8      | Killed a two-headed ogre
  7584 | D:8      | Found a stormy altar of Qazlal.
  8118 | D:8      | Noticed Erolcha
  8135 | D:8      | Killed Erolcha
  8135 | D:8      | Reached skill level 8 in Fighting
  8135 | D:8      | Reached skill level 5 in Throwing
  8312 | D:9      | Found a deep blue altar of Sif Muna.
  8478 | D:9      | Reached XP level 10. HP: 63/65 MP: 10/10
  8702 | D:9      | Reached ***** piety under Trog
  9111 | D:10     | Entered Level 10 of the Dungeon
  9129 | D:10     | Reached skill level 9 in Fighting
  9549 | D:10     | Received a gift from Trog
  9930 | D:11     | Found a staircase to the Lair.
 10324 | D:11     | Reached skill level 10 in Fighting
 10548 | D:11     | Noticed Grum
 10923 | D:11     | Noticed Maud
 10964 | D:11     | Killed Maud
 10964 | D:11     | Reached XP level 11. HP: 69/73 MP: 11/11
 11016 | D:11     | Reached skill level 10 in Maces & Flails
 11078 | Lair:1   | Entered Level 1 of the Lair of Beasts
 11457 | Lair:1   | Noticed a four-headed hydra
 11466 | Lair:1   | Killed a four-headed hydra
 11466 | Lair:1   | Reached skill level 11 in Fighting
 12159 | Lair:2   | Noticed a griffon
 12367 | Lair:2   | Noticed Erica
 12374 | Lair:2   | Received a gift from Trog
 12377 | Lair:2   | Killed Erica
 12440 | Lair:2   | Noticed Urug
 12461 | Lair:2   | Killed Urug
 12516 | Lair:2   | Reached skill level 12 in Fighting
 12644 | Lair:2   | Killed a griffon
 12644 | Lair:2   | Reached XP level 12. HP: 59/81 MP: 12/12
 12884 | Lair:2   | Noticed an ice dragon
 13184 | Lair:2   | Noticed Prince Ribbit
 13197 | Lair:2   | Killed Prince Ribbit
 13387 | Lair:2   | Noticed a six-headed hydra
 13479 | Lair:3   | Reached skill level 13 in Fighting
 13619 | Lair:3   | Noticed Gastronok
 13631 | Lair:3   | Killed Gastronok
 13698 | Lair:3   | Noticed a death yak
 13698 | Lair:3   | Noticed a death yak
 13699 | Lair:3   | Noticed a death yak
 13700 | Lair:3   | Noticed a death yak
 13710 | Lair:3   | Killed a death yak
 13729 | Lair:3   | Killed a death yak
 13731 | Lair:3   | Killed a death yak
 13738 | Lair:3   | Killed a death yak
 14174 | Lair:3   | Reached XP level 13. HP: 77/89 MP: 13/13
 14360 | Lair:3   | Reached skill level 14 in Fighting
 14360 | Lair:3   | Reached skill level 10 in Armour
 14383 | Lair:4   | Received a gift from Trog
 14518 | Lair:4   | Received a gift from Trog
 14536 | Lair:4   | Found a staircase to the Snake Pit.
 14832 | Lair:4   | Found a staircase to the Swamp.
 16122 | Lair:5   | Received a gift from Trog
 17376 | Lair:6   | Reached skill level 15 in Fighting
 17376 | Lair:6   | Gained mutation: Your large and strong wings let you fly indefinitely. [Gargoyle growth]
 17376 | Lair:6   | Reached XP level 14. HP: 81/98 MP: 14/14
 17468 | Lair:6   | Found a viscous altar of Jiyva.
 17468 | Lair:6   | Found a staircase to the Slime Pits.
 18235 | Lair:7   | Noticed Nessos
 18244 | Lair:7   | Killed Nessos
 18342 | Lair:7   | Received a gift from Trog
 18572 | Lair:7   | Got an ancient chain mail
 18583 | Lair:7   | Identified the cursed +0 chain mail of Gateq {rF+} (You found it on level 7 of the Lair of Beasts)
 19439 | Lair:7   | Received a gift from Trog
 19557 | Lair:8   | Entered Level 8 of the Lair of Beasts
 20366 | Lair:8   | Got a smelly leather armour
 20377 | Lair:8   | Identified the +3 leather armour of Burorphu {rElec rPois Dex+2} (You found it on level 8 of the Lair of Beasts)
 20547 | Lair:8   | Reached skill level 16 in Fighting
 21042 | D:11     | Killed Grum
 21118 | D:12     | Found Heazuc's Armour Emporium.
 21121 | D:12     | Noticed Fannar
 21233 | D:12     | Reached XP level 15. HP: 91/104 MP: 15/15
 21261 | D:12     | Noticed Kirke
 21447 | D:12     | Killed Kirke
 21447 | D:12     | Received a gift from Trog
 21447 | D:12     | Reached skill level 15 in Maces & Flails
 21476 | D:12     | Killed Fannar
 21496 | D:12     | Found a staircase to the Orcish Mines.
 21498 | D:12     | Found Botsecaf's Weapon Emporium.
 21570 | D:12     | Bought the +2 helmet of Greater Demons {rF+} for 399 gold pieces
 22199 | Orc:1    | Entered Level 1 of the Orcish Mines
 22202 | Orc:1    | Noticed Blork the orc
 22216 | D:12     | Killed Blork the orc
 22377 | Orc:1    | Found a roughly hewn altar of Beogh.
 22839 | Orc:2    | Entered Level 2 of the Orcish Mines
 22883 | Orc:2    | Found a staircase to the Elven Halls.
 23166 | Orc:2    | Received a gift from Trog
 23327 | Orc:2    | Found Hamamoj's Distillery.
 23328 | Orc:2    | Found Xorasass's Jewellery Emporium.
 23328 | Orc:2    | Found Nienioc's Antique Weapon Shop.
 23328 | Orc:2    | Found Mehumak's Magic Scroll Shoppe.
 23387 | Orc:2    | Bought 2 potions of curing for 78 gold pieces
 23387 | Orc:2    | Bought a potion of heal wounds for 65 gold pieces
 23387 | Orc:2    | Bought 2 potions of heal wounds for 130 gold pieces
 23387 | Orc:2    | Bought a potion of haste for 130 gold pieces
 23392 | Orc:2    | Bought a scroll of blinking for 127 gold pieces
 23392 | Orc:2    | Bought a scroll of recharging for 161 gold pieces
 23392 | Orc:2    | Bought a scroll of identify for 34 gold pieces
 23392 | Orc:2    | Bought a scroll of identify for 34 gold pieces
 24105 | D:13     | Received a gift from Trog
 24626 | D:13     | Received a gift from Trog
 24650 | D:13     | Found a corrupted altar of Lugonu.
 24755 | D:13     | Reached skill level 17 in Fighting
 25091 | D:13     | Found a gate to the Vaults.
 25261 | D:14     | Identified a +0 rod of ignition (12/12) (You found it on level 8 of the Lair of Beasts)
 25988 | Snake:1  | Entered Level 1 of the Snake Pit
 26445 | Snake:1  | Noticed Aizul
 26473 | Snake:1  | Killed Aizul
 26688 | Snake:1  | Reached XP level 16. HP: 112/112 MP: 16/16
 26905 | Snake:2  | Noticed Wiglaf
 27184 | Snake:2  | Received a gift from Trog
 27502 | Snake:2  | Reached skill level 10 in Throwing
 27565 | Snake:2  | Found a white marble altar of Elyvilon.
 28149 | Snake:2  | Received a gift from Trog
 28402 | Snake:2  | Killed Wiglaf
 28402 | Snake:2  | Reached skill level 18 in Fighting
 28654 | Snake:2  | Found Vediwk's Assorted Antiques.
 28661 | Snake:2  | Bought a scroll labeled RIPHAP WONI for 29 gold pieces
 28661 | Snake:2  | Bought a scroll of identify for 58 gold pieces
 29110 | Snake:2  | Received a gift from Trog
 30173 | Snake:3  | Reached XP level 17. HP: 52/120 MP: 7/17
 30378 | Snake:3  | Noticed Vashnia
 31018 | Snake:3  | Received a gift from Trog
 31057 | Snake:3  | Killed Vashnia
 32435 | D:14     | Received a gift from Trog
 32786 | D:15     | Entered Level 15 of the Dungeon
 32900 | D:15     | Found a staircase to the Depths.
 33148 | D:15     | Got a jewelled plate armour
 33159 | D:15     | Identified the +6 plate armour "Taoxzido" {rPois} (You found it on level 15 of the Dungeon)
 33278 | D:15     | Noticed Roxanne
 33306 | D:15     | Received a gift from Trog
 33868 | D:15     | Cast into level 2 of the Abyss (a wizard)
 33869 | Abyss:2  | Found a corrupted altar of Lugonu.
 33900 | Abyss:2  | Received a gift from Trog
 33952 | Abyss:2  | Paralysed by accursed screaming for 1 turns
 33962 | Abyss:2  | Paralysed by accursed screaming for 1 turns
 34065 | Abyss:2  | Noticed a tentacled starspawn
 34079 | Abyss:2  | Paralysed by accursed screaming for 1 turns
 34087 | Abyss:2  | HP: 4/120 [starcursed mass/accursed screaming (4)]
 34427 | Abyss:2  | Noticed a profane servitor
 34448 | Abyss:2  | Gained mutation: [You are frail (-10% HP).] [a neqoxec]
 34452 | Abyss:2  | Gained mutation: Your spells are a little easier to cast, but a little less powerful. [a neqoxec]
 34460 | Abyss:2  | Slain by a profane servitor

Skill      XL: |  1  2  3  4  5  6  7  8  9 10 11 12 13 14 15 16 17 |
---------------+----------------------------------------------------+-----
Fighting       | 4 5 6 7 8 10 12 13 15 16 17 18 | 18.9
Dodging        | 2 3 4 |  4.9
Maces & Flails | 4 5 6 8 9 11 12 13 14 15 16 17 | 17.3
Armour         | 3 4 5 7 8 9 10 11 12 13 | 13.9
Throwing       | 1 2 3 5 7 8 9 10 11 | 11.1

Action                   |  1- 3 |  4- 6 |  7- 9 | 10-12 | 13-15 | 16-18 || total
-------------------------+-------+-------+-------+-------+-------+-------++-------
Melee: Mace              |   113 |    45 |       |       |       |       ||   158
       Flail             |       |   168 |   438 |    95 |     2 |    39 ||   742
       Dire flail        |       |       |       |   451 |  1468 |  1067 ||  2986
       Morningstar       |       |       |       |    12 |       |       ||    12
       Unarmed           |       |       |       |       |     1 |       ||     1
Throw: Throwing net      |       |       |     2 |     2 |       |       ||     4
       Tomahawk          |       |       |       |    18 |       |    11 ||    29
       Javelin           |       |       |       |     7 |    67 |    77 ||   151
Invok: Trog's Hand       |       |     1 |       |     3 |    11 |    12 ||    27
       Burn Spellbooks   |       |       |     2 |     3 |       |     3 ||     8
       Berserk           |       |       |     1 |       |       |       ||     1
       Brothers in Arms  |       |       |       |       |    15 |     4 ||    19
 Abil: Fly               |       |       |       |       |     1 |       ||     1
Evoke: Wand              |       |       |     2 |     2 |     1 |     6 ||    11
       Rod               |       |       |       |       |     1 |     2 ||     3
       Box of beasts     |       |       |       |       |       |     1 ||     1
  Use: Scroll            |     2 |     5 |     8 |     6 |    20 |    12 ||    53
       Potion            |       |       |       |     2 |     1 |    18 ||    21
 Stab: Sleeping          |     1 |       |       |       |       |       ||     1
       Held in net/web   |       |       |     2 |       |       |       ||     2
       Distracted        |       |       |       |       |     2 |     3 ||     5
  Eat: Chunk             |     3 |     6 |     9 |    15 |    64 |    22 ||   119
       Fruit             |       |     1 |       |       |     3 |       ||     4
       Beef jerky        |       |       |     2 |     1 |       |       ||     3
       Bread ration      |       |       |     1 |       |     1 |     1 ||     3
       Pizza             |       |       |       |     1 |     1 |       ||     2
       Meat ration       |       |       |       |       |       |     1 ||     1
Armor: Animal skin       |    30 |       |       |       |       |       ||    30
       Scale mail        |     9 |   168 |   285 |   290 |   659 |   700 ||  2111
       Plate armour      |       |       |    38 |   110 |       |       ||   148
       Leather armour    |       |       |       |       |    91 |     5 ||    96
       Skin              |       |       |       |       |       |     3 ||     3
Dodge: Dodged            |    80 |   128 |   280 |   238 |   756 |   498 ||  1980
